 Dungeon Crawl Stone Soup version 0.22.1-1-ga44c0e5 (webtiles) character file.

54 Fang the Skirmisher (level 3, -6/36 HPs)
             Began as a Gargoyle Berserker on Oct 24, 2018.
             Was a Believer of Trog.
             Mangled by a gnoll
             ... wielding a +4 halberd of freezing
              (19 damage)
             ... on level 3 of the Dungeon.
             The game lasted 00:00:50 (943 turns).

Fang the Skirmisher (Gargoyle Berserker)             Turns: 943, Time: 00:00:51

Health: -6/36      AC:  5    Str: 26    XL:     3   Next: 91%
Magic:  3/3        EV: 12    Int:  7    God:    Trog [**....]
Gold:   81         SH:  0    Dex:  9    Spells: 2/2 levels left

rFire    . . .     SeeInvis .   a - +0 hand axe
rCold    . . .     Gourm    .   (no shield)
rNeg     + . .     Faith    .   b - +0 animal skin
rPois    ∞         Spirit   .   (no helmet)
rElec    +         Reflect  .   (no cloak)
rCorr    .         Harm     .   (no gloves)
MR       .....     Rnd*Tele +   (no boots)
Stlth    ..........             (no amulet)
HPRegen  0.12/turn              i - ring of teleportation (curse)
MPRegen  0.08/turn              (no ring)

@: berserking (expiring), very quick
A: negative energy resistance 1, electricity resistance, unbreathing,
petrification resistance, rot immunity, AC +3
a: Berserk, Trog's Hand, Renounce Religion


You were on level 3 of the Dungeon.
You worshipped Trog.
Trog was pleased with you.
You were very hungry.

You visited 1 branch of the dungeon, and saw 3 of its levels.

You collected 81 gold pieces.

Inventory:

Hand Weapons
 a - a +0 hand axe (weapon)
Armour
 b - a +0 animal skin (worn)
Jewellery
 i - a cursed ring of teleportation (left hand)
Scrolls
 e - a scroll of fear {unknown}
 h - a scroll of blinking {unknown}
Potions
 d - a potion of brilliance {unknown}
 f - a potion of curing
 g - a potion of mutation {unknown}
Comestibles
 c - 2 rations


   Skills:
 + Level 3.7 Fighting
 + Level 3.7 Axes
 + Level 2.3 Armour
 + Level 1.8 Dodging


You had 2 spell levels left.
You didn't know any spells.
Your spell library was empty.

Dungeon Overview and Level Annotations

Branches:
Dungeon (2/15)

Altars:
Ru


Innate Abilities, Weirdness & Mutations

You are resistant to torment.
Your stone body is resilient. (AC +3)
You are immune to poison.
You resist negative energy. (rN+)
You are resistant to electric shocks. (rElec)
You can survive without breathing.
You are immune to petrification.
You are immune to rotting.


Message History

Unknown command.
You are too injured to fight recklessly!
Unknown command.
You are too injured to fight recklessly!
The gnoll barely misses you.
Things that are here:
a club; a gnoll corpse You barely miss the gnoll. x2; The gnoll barely misses you.
Unknown command.
You barely miss the gnoll. x2; The gnoll barely misses you.
Unknown command.
You closely miss the gnoll. You barely miss the gnoll.
The gnoll closely misses you.
Unknown command.
You slash the gnoll!
The gnoll is severely wounded.
You hit the gnoll.
The gnoll hits you with a halberd of freezing!!
Ouch! That really hurt!
You die...

#..#.######...###......####
#.>.....................†..
#.###########....##########
#.# ####.# ###.## ## ## #.#
#....# #. .# #.#
#....#####.##.# #.#
#....'..##..g.# #.#
#....##.##.g@.####.#
#....##.##.........#
#....##.##....####.#
###.....#####.# #####)#####
.. #.........# #..
#.........# ...
#.........#### ....
#............# .....


You could see 2 gnolls.

Vanquished Creatures
  A gnoll (D:3)
  An adder (D:3)
  3 leopard geckos
  2 bats (D:3)
  2 giant cockroaches (D:1)
  6 goblins
  5 hobgoblins
  2 jackals (D:1)
  A ball python (D:1)
  2 frilled lizards (D:1)
  A kobold (D:2)
  4 rats
30 creatures vanquished.

Notes
Turn   | Place    | Note
-------+----------+-------------------------------------------
     0 | D:1      | Fang the Gargoyle Berserker began the quest for the Orb.
     0 | D:1      | Reached XP level 1. HP: 14/14 MP: 1/1
   180 | D:1      | Reached XP level 2. HP: 18/19 MP: 2/2
   644 | D:2      | Found a sacrificial altar of Ru.
   667 | D:2      | Reached XP level 3. HP: 20/23 MP: 3/3
   685 | D:2      | You fall through a shaft!
   937 | D:3      | Reached ** piety under Trog
   943 | D:3      | Mangled by a gnoll

Skill      XL: |  1  2 |
---------------+-------+-----
Axes           | 3 |  3.7
Fighting       | |  3.7
Armour         | |  2.3
Dodging        | |  1.8

Action                   || total
-------------------------++-------
Melee: Hand axe          ||   112
Invok: Berserk           ||     1
Armor: Animal skin       ||    40
Dodge: Dodged            ||    85
